 Dungeon Crawl Stone Soup version 0.23-a0-375-g66a18ee (webtiles) character file.

4 CrossKnight the Slasher (level 1, -4/21 HPs)
             Began as a Naga Berserker on Oct 26, 2018.
             Was a Follower of Trog.
             Slain by an orc
             ... wielding a +0 falchion
              (7 damage)
             ... on level 3 of the Dungeon.
             The game lasted 00:02:17 (461 turns).

CrossKnight the Slasher (Naga Berserker)             Turns: 461, Time: 00:02:18

Health: -4/21      AC:  1    Str: 19    XL:     1   Next: 70%
Magic:  1/1        EV: 10    Int:  7    God:    Trog [*.....]
Gold:   57         SH:  0    Dex: 10    Spells: 0/0 levels left

rFire    . . .     SeeInvis +   a - +0 falchion
rCold    . . .     Gourm    .   (no shield)
rNeg     . . .     Faith    .   f - +0 robe
rPois    +         Spirit   .   (no helmet)
rElec    .         Reflect  .   (no cloak)
rCorr    .         Harm     .   (no gloves)
MR       .....                  (no barding)
Stlth    +.........             (no amulet)
HPRegen  0.07/turn              (no ring)
MPRegen  0.07/turn              (no ring)

@: very slow
A: large, see invisible, deformed body, poison resistance, slowness 2, slow
metabolism 1, spit poison 1, AC +0
a: Spit Poison, Berserk, Renounce Religion


You were on level 3 of the Dungeon.
You worshipped Trog.
Trog was aware of your devotion.
You were not hungry.

You visited 1 branch of the dungeon, and saw 3 of its levels.

You collected 57 gold pieces.

Inventory:

Hand Weapons
 a - a +0 falchion (weapon)
Armour
 b - a +0 animal skin
 f - a +0 robe (worn)
Scrolls
 e - a scroll of fear {unknown}
Potions
 d - a potion of might {unknown}
Comestibles
 c - 3 rations


   Skills:
 + Level 3.1 Fighting
 + Level 3.2 Long Blades
 + Level 1.5 Armour
 + Level 1.5 Dodging


You couldn't memorise any spells.
You didn't know any spells.
Your spell library was empty.

Dungeon Overview and Level Annotations

Branches:
Dungeon (3/15)

Altars:


Innate Abilities, Weirdness & Mutations

You cannot wear boots.
Your serpentine skin is tough. (AC +0)
You have supernaturally acute eyesight. (SInv)
Armour fits poorly on your strangely shaped body.
Your system is resistant to poisons. (rPois)
You cover ground very slowly.
You have a slow metabolism.
You can spit poison.


Message History

Found 14 gold pieces.
The orc barely misses you. The orc barely misses you.
The orc hits you with a +0 falchion. The orc closely misses you.
The orc hits you but does no damage. The orc hits you with a +0 falchion.
* * * LOW HITPOINT WARNING * * *
The orc barely misses you. The orc hits you with a +0 falchion.
* * * LOW HITPOINT WARNING * * *
Things that are here:
a +0 short sword; a kobold corpse The orc barely misses you.
The orc closely misses you.
You riposte.
You closely miss the orc. The orc barely misses you. The orc barely misses you.
You riposte.
You barely miss the orc.
There is a stone staircase leading up here.
The orc hits you with a +0 falchion!
You die...

# ##.####.#..#
#.#
#.###...####.###
#.# #........#
### #.###
####....## #oK..
#.#.## #####
#.#.# #
#.#.####### #
#.........# #
###@#####.# #
#o# #.##########
#g# #.##o..ooK..
#.#
###.##.#######
#o###...##.#
#o..ooK....#
#####.###### #.#
#.##########


You could see 3 orcs and a hobgoblin.

Vanquished Creatures
  A hobgoblin (D:1)
  2 kobolds
  A bat (D:1)
  A rat (D:2)
5 creatures vanquished.

Notes
Turn   | Place    | Note
-------+----------+-------------------------------------------
     0 | D:1      | CrossKnight the Naga Berserker began the quest for the Orb.
     0 | D:1      | Reached XP level 1. HP: 21/21 MP: 1/1
     2 | D:1      | Noticed an elf
     2 | D:1      | Noticed a vampire
     4 | D:1      | Noticed an octopode
     4 | D:1      | Noticed a vine stalker
     6 | D:1      | Noticed a minotaur
     6 | D:1      | Noticed a dwarf
    10 | D:1      | Noticed a ghoul
    10 | D:1      | Noticed a naga
    12 | D:1      | Noticed a tengu
    14 | D:1      | Noticed a halfling
    21 | D:1      | Noticed a centaur
    21 | D:1      | Noticed a demonspawn
    23 | D:1      | Noticed a human
    23 | D:1      | Noticed a formicid
    25 | D:1      | Noticed a spriggan
    25 | D:1      | Noticed a demigod
    27 | D:1      | Noticed a gargoyle
    27 | D:1      | Noticed a draconian
    29 | D:1      | Noticed a felid
    29 | D:1      | Noticed a merfolk
    31 | D:1      | Noticed an ogre
    31 | D:1      | Noticed a troll
   461 | D:3      | Slain by an orc

Vault maps used:
D:1:      kb_arrival_jail, chequers_serial_rivers_micro_b, lemuel_another_geyser
D:2:      uniq_sigmund, uniq_natasha
D:3:      first_ration, trog_book

Action                   || total
-------------------------++-------
Melee: Falchion          ||    13
Armor: Animal skin       ||     1
Dodge: Dodged            ||    19
       Rpst.: Falchion   ||     6

Table legend:
 A = Non-vault XP
 B = Vault XP
 C = Vault XP percentage of total XP
 D = Non-vault monster count
 E = Vault monster count
 F = Vault count percentage of total count
                 A         B        C        D         E       F
            +---------+---------+-------+---------+---------+-------
      Total |       7 |       0 |   0.0 |       5 |       0 |   0.0
            +---------+---------+-------+---------+---------+-------
        D:1 |       3 |       0 |   0.0 |       2 |       0 |   0.0
        D:2 |       3 |       0 |   0.0 |       2 |       0 |   0.0
        D:3 |       1 |       0 |   0.0 |       1 |       0 |   0.0
            +---------+---------+-------+---------+---------+-------
